 Dungeon Crawl Stone Soup version 0.17.0-22-g5edae84 (webtiles) character file.

3867 inmateoo the Gouger (level 9, -1/49 HPs)
             Began as a Felid Transmuter on Nov 12, 2015.
             Was a Priest of Makhleb.
             Hit by a large rock thrown by a cyclops (5 damage)
             ... on level 13 of the Dungeon.
             The game lasted 00:29:50 (11482 turns).

inmateoo the Gouger (Felid Transmuter)             Turns: 11482, Time: 00:29:50

Health: -1/49      AC:  6    Str:  6    XL:     9   Next: 99%
Magic:  20/20      EV: 26    Int: 15    God:    Makhleb [***...]
Gold:   679        SH:  0    Dex: 27    Spells: 4 memorised, 9 levels left
                                        Lives:  0   Deaths: 3

rFire  x . .     SeeInvis +       - Unarmed
rCold  + + +     Clarity  .     (armour unavailable)
rNeg   . . .     SustAt   .     (shield unavailable)
rPois  +         Gourm    .     (helmet unavailable)
rElec  .         Spirit   .     (cloak unavailable)
rCorr  .         Warding  .     (gloves unavailable)
rMut   .         Rnd*Tele +     (boots unavailable)
MR     ++...                    x - amulet of regeneration
Stlth  ++++++....               m - ring of the Ancient Tales {rPois MR+ Dex+2}
                                s - +2 ring of evasion

@: agile, ice-form, very resistant to hostile enchantments, very stealthy
A: no armour, no weapons or thrown items, (claws 0), (fangs 0), see invisible,
carnivore 3, (speed 0), high mp 1, (shaggy fur 0), slow metabolism 1,
teleportitis 1, (sharp paws)
a: End Transformation, Minor Destruction, Lesser Servant of Makhleb, Renounce
Religion


You were on level 13 of the Dungeon.
You worshipped Makhleb.
Makhleb was most pleased with you.
You were full.
You were a creature of crystalline ice.
You visited 2 branches of the dungeon, and saw 12 of its levels.

You collected 679 gold pieces.

Inventory:

Missiles
 t - 45 arrows
Jewellery
 l - an uncursed amulet of warding
 m - the ring of the Ancient Tales (right front paw) {rPois MR+ Dex+2}
   (You took it off an orc on level 5 of the Dungeon)

   [ring of protection from magic]

   It affects your dexterity (+2).
   It protects you from poison.
   It affects your resistance to hostile enchantments.
 p - an uncursed ring of teleportation
 s - a +2 ring of evasion (left front paw)
 x - an amulet of regeneration (around neck)
Scrolls
 e - 3 scrolls of remove curse
 g - 5 scrolls of recharging
 h - 3 scrolls of teleportation
 o - a scroll of amnesia
 q - 2 scrolls of magic mapping
 y - a scroll of immolation {unknown}
Potions
 a - a potion of degeneration {unknown}
 i - 5 potions of flight
 k - a potion of brilliance
 n - a potion of cancellation
 r - a potion of invisibility
 u - a potion of ambrosia {unknown}
 v - a potion of poison {unknown}
 w - a potion of haste {unknown}
 z - 2 potions of might {unknown}
Books
 b - a book of Changes

   Spells                             Type                      Level
   a - Beastly Appendage              Transmutation                1
   b - Sticks to Snakes               Transmutation                2
   c - Spider Form                    Transmutation/Poison         3
   d - Ice Form                       Ice/Transmutation            4
   e - Blade Hands                    Transmutation                5
Comestibles
 c - 6 meat rations
 d - 11 beef jerkies
 f - 2 slices of pizza


   Skills:
 + Level 6.2 Fighting
 + Level 8.4 Dodging
 + Level 8.4 Stealth
 * Level 9.2 Unarmed Combat
 + Level 5.8 Spellcasting
 + Level 6.9 Transmutations
 + Level 4.4 Ice Magic


You had 9 spell levels left.
You knew the following spells:

 Your Spells              Type           Power        Failure   Level  Hunger
a - Beastly Appendage     Trmt           ####..       1%          1    None
b - Sticks to Snakes      Trmt           ####......   1%          2    #......
c - Spider Form           Trmt/Pois      ##........   14%         3    ###....
d - Ice Form              Ice/Trmt       ###.....     17%         4    ####...


Dungeon Overview and Level Annotations

Branches:
Dungeon (13/15)            Temple (1/1) D:5
   Lair: D:8-11         Orc: D:9-12      Vaults: D:13-14

Altars:
Ashenzari
Cheibriados
Dithmenos
Elyvilon
Fedhas
Gozag
Kikubaaqudgha
Makhleb
Nemelex Xobeh
Okawaru
Qazlal
Ru
Sif Muna
Trog
Vehumet
Xom
Yredelemnul
Zin
The Shining One

Shops:
D:4 *

Annotations:
D:13 Nessos


Innate Abilities, Weirdness & Mutations

You cannot wear armour.
You are incapable of wielding weapons or throwing items.
((You have sharp claws.))
((You have razor-sharp teeth.))
You have supernaturally acute eyesight.
You are carnivorous and can eat meat at any time.
((You cover ground quickly.))
((You are covered in thick fur (AC +2).))
You have a slow metabolism.
((Your sharp claws are effective at attacking unaware monsters.))
You have an increased reservoir of magic (+10% MP).
You are occasionally teleported to nearby monsters.


Message History

You punch the slime creature! You freeze the slime creature.
You kill the slime creature!
Makhleb accepts your kill.
You feel better.
No target in view!
Found a chain mail.
A cyclops comes into view.
Nessos the Markscentaur comes into view.
The cyclops shouts!
The cyclops throws a large rock.
The large rock hits you!!
You see here a large rock.
A sky beast comes into view.
The sky beast moves out of view.
A basilisk comes into view.
The cyclops throws a large rock.
The large rock hits you!!
* * * LOW HITPOINT WARNING * * *
Found 19 gold pieces.
You see here a large rock.
The cyclops throws a large rock.
The large rock hits you.
You die...

......#.......#
.......#..#....##
................# #.
...#............#
#.#
#.........#.....##.#
##......(.#.....#.#
.................#
#..[....##......# ##
#...C.Y(........#..#
#.####..........#..#
............##...#
...........##...#
.l...###...###...#
...........###...#
...$........#....#
.................#
#.......##...#


You could see a cyclops.

Vanquished Creatures
  An unseen horror (D:10)
  Pikel (D:9)
  3 hill giants
  Grum (D:9)
  Psyche (D:9)
  2 wolves (D:9)
  The ghost of puimuR the Chopper, an amateur DsBe of Trog (D:9)
  A slime creature (D:13)
  Sigmund (D:3)
  A wraith (D:13)
  2 hippogriffs
  A hungry ghost (D:10)
  An orc warrior (D:8)
  A phantom (D:10)
  4 ogres
  2 sky beasts
  A necrophage (D:9)
  5 giant frogs
  A gnoll sergeant (D:6)
  A scorpion (D:7)
  11 killer bees
  8 wights
  A crimson imp (D:9)
  2 hounds
  A jelly (D:6)
  A centaur zombie (D:5)
  3 orc priests
  A quasit (D:10)
  A centaur skeleton (D:8)
  Jessica (D:2)
  3 iguanas
  8 orc wizards
  5 worker ants
  A worker ant zombie (D:8)
  5 gnolls (D:6)
  5 adders
  2 shadow imps
  2 oozes
  An adder skeleton (D:6)
  An adder zombie (D:6)
  2 worms
  24 orcs
  A ball python (D:8)
  6 goblins
  12 hobgoblins
  6 jackals
  2 quokkas
  7 bats
  9 giant cockroaches
  5 giant geckos
  A giant gecko skeleton (D:4)
  6 giant newts
  7 kobolds
  2 quokka skeletons
  2 quokka zombies
  2 rats
189 creatures vanquished.

Vanquished Creatures (collateral kills)
  Edmund (D:5)
  An ogre (D:4)
  Blork the orc (D:5)
  An iguana (D:8)
  2 adders
  A giant gecko (D:4)
  A kobold (D:3)
  A giant newt (D:4)
  2 goblins (D:2)
11 creatures vanquished.

Vanquished Creatures (others)
  A wolf (D:9)
  4 slaves (D:9)
  An orc (D:9)
6 creatures vanquished.

Grand Total: 206 creatures vanquished

Notes
Turn   | Place    | Note
--------------------------------------------------------------
     0 | D:1      | inmateoo the Felid Transmuter began the quest for the Orb.
     0 | D:1      | Reached XP level 1. HP: 9/9 MP: 4/4
   352 | D:1      | Reached XP level 2. HP: 12/12 MP: 4/6
   462 | D:1      | Learned a level 2 spell: Sticks to Snakes
  1075 | D:2      | Reached XP level 3. HP: 15/15 MP: 5/7
  1816 | D:2      | You fall through a shaft for 2 floors!
  1866 | D:4      | Found Zin's Purification Station.
  1870 | D:4      | Found a glowing silver altar of Zin.
  1876 | D:4      | Noticed an ogre
  1937 | D:2      | Reached skill level 1 in Stealth
  1949 | D:2      | Reached XP level 4. HP: 16/19 MP: 6/8
  2042 | D:2      | Noticed Jessica
  2066 | D:2      | Killed Jessica
  3129 | D:3      | Noticed Sigmund
  3220 | D:3      | Reached XP level 5. HP: 22/22 MP: 4/9
  3309 | D:3      | Killed Sigmund
  3309 | D:3      | Reached skill level 4 in Dodging
  3309 | D:3      | Gained mutation: You are covered in thick fur (AC +2). [Felid growth]
  3309 | D:3      | Reached XP level 6. HP: 15/27 MP: 5/11
  3515 | D:3      | Learned a level 3 spell: Spider Form
  3807 | D:4      | Demolished by an ogre
  3808 | D:4      | Reached XP level 5. HP: -15/23 MP: 3/10
  3815 | D:4      | Killed an ogre
  3871 | D:4      | Noticed a phantom
  3875 | D:5      | Entered Level 5 of the Dungeon
  3875 | D:5      | Noticed Edmund
  4107 | D:5      | Found a staircase to the Ecumenical Temple.
  4114 | Temple   | Entered the Ecumenical Temple
  4406 | Temple   | Became a worshipper of Makhleb the Destroyer
  4473 | D:5      | Reached XP level 6. HP: 26/28 MP: 7/11
  4501 | D:5      | Learned a level 4 spell: Ice Form
  4710 | D:5      | Noticed a centaur
  4841 | D:5      | Killed Edmund
  4933 | D:5      | Noticed Blork the orc
  4966 | D:5      | Killed Blork the orc
  4966 | D:5      | Reached skill level 5 in Unarmed Combat
  5392 | D:5      | Got a faintly glowing golden ring
  5538 | D:6      | Noticed an air elemental
  5545 | D:6      | Found a stormy altar of Qazlal.
  5546 | D:6      | Noticed a water elemental
  5546 | D:6      | Noticed a fire elemental
  5681 | D:6      | Identified the ring of the Ancient Tales {rPois MR+ Dex+2} (You took it off an orc on level 5 of the Dungeon)
  5969 | D:6      | Reached XP level 7. HP: 31/31 MP: 6/12
  5994 | D:6      | Reached skill level 5 in Dodging
  5994 | D:6      | Reached skill level 1 in Ice Magic
  5998 | D:6      | Gained mutation: You have a pair of small antennae on your head. [mutagenic meat]
  5999 | D:6      | Gained mutation: You are clumsy. (Dex -2) [mutagenic meat]
  6001 | D:6      | Lost mutation: You are clumsy. (Dex -2) [mutagenic meat]
  6002 | D:6      | Gained mutation: You evolve. [mutagenic meat]
  6003 | D:6      | Gained mutation: You are occasionally teleported to nearby monsters. [mutagenic meat]
  6165 | D:6      | Reached * piety under Makhleb
  6194 | D:6      | Slain by a gnoll sergeant
  6195 | D:6      | Reached XP level 6. HP: -1/28 MP: 11/11
  6627 | D:7      | Reached XP level 7. HP: 22/31 MP: 13/13
  6631 | D:7      | Gained mutation: You can spit weak poison. [mutagenic meat]
  6634 | D:7      | Gained mutation: You have an increased reservoir of magic (+10% MP). [mutagenic meat]
  6635 | D:7      | Lost mutation: You can spit weak poison. [mutagenic meat]
  6649 | D:7      | Found a deep blue altar of Sif Muna.
  6651 | D:7      | Found a shadowy altar of Dithmenos.
  6651 | D:7      | Found a snail-covered altar of Cheibriados.
  6651 | D:7      | Found a shimmering altar of Xom.
  6652 | D:7      | Found a glowing golden altar of the Shining One.
  6775 | D:7      | Reached skill level 6 in Unarmed Combat
  7945 | D:8      | Reached XP level 8. HP: 7/36 MP: 8/16
  7959 | D:8      | Reached ** piety under Makhleb
  8210 | D:8      | Reached skill level 5 in Stealth
  9161 | D:9      | Noticed Psyche
  9190 | D:9      | Killed Psyche
  9190 | D:9      | Reached skill level 7 in Unarmed Combat
  9190 | D:9      | Reached skill level 5 in Transmutations
  9309 | D:9      | Noticed Pikel
  9324 | D:9      | Killed Pikel
  9324 | D:9      | Reached XP level 9. HP: 40/40 MP: 15/18
  9384 | D:9      | Reached skill level 5 in Fighting
  9389 | D:9      | Lost mutation: You have a pair of small antennae on your head. [evolution]
  9389 | D:9      | Lost mutation: You evolve. [end of evolution]
  9413 | D:9      | Noticed Grum
  9521 | D:9      | Noticed a hill giant
  9589 | D:9      | Noticed puimuR's ghost (amateur DsBe)
  9596 | D:9      | Killed puimuR's ghost
  9685 | D:9      | Reached skill level 8 in Unarmed Combat
  9685 | D:9      | Reached skill level 5 in Spellcasting
 10259 | D:9      | Reached *** piety under Makhleb
 10340 | D:9      | Killed a hill giant
 10340 | D:9      | Reached XP level 10. HP: 45/45 MP: 18/20
 10352 | D:9      | Killed Grum
 10433 | D:10     | Entered Level 10 of the Dungeon
 10507 | D:10     | Noticed a hill giant
 10837 | D:10     | Noticed a hill giant
 10841 | D:10     | Killed a hill giant
 11026 | D:10     | Noticed an unseen horror
 11044 | D:10     | Killed an unseen horror
 11044 | D:10     | Reached skill level 9 in Unarmed Combat
 11053 | D:10     | Noticed a hill giant
 11250 | D:10     | Slain by a hill giant
 11251 | D:10     | Reached XP level 9. HP: -4/41 MP: 20/20
 11270 | D:10     | Killed a hill giant
 11436 | D:10     | You fall through a shaft for 3 floors!
 11474 | D:13     | Noticed a cyclops
 11475 | D:13     | Noticed Nessos
 11482 | D:13     | Hit by a large rock thrown by a cyclops

Action                   |  1- 3 |  4- 6 |  7- 9 | 10-12 || total
-------------------------+-------+-------+-------+-------++-------
Melee: Unarmed           |    81 |   209 |   258 |    73 ||   621
 Cast: Beastly Appendage |     9 |     4 |       |       ||    13
       Sticks to Snakes  |     6 |    36 |    19 |       ||    61
       Spider Form       |       |       |    10 |     3 ||    13
       Ice Form          |       |       |     7 |     4 ||    11
 Abil: End Transformatio |       |       |     1 |       ||     1
  Use: Scroll            |       |    11 |     3 |     2 ||    16
       Potion            |       |     1 |     3 |       ||     4
 Stab: Sleeping          |     4 |    12 |     9 |     6 ||    31
       Distracted        |     1 |     5 |     2 |       ||     8
       Invisible         |       |       |     3 |       ||     3
  Eat: Chunk             |     9 |    18 |    25 |     2 ||    54
